Map: Orbital Shipyard

Players

strikerrose

  • Race: Protoss Protoss
  • League: Diamond

LilDicky - Winner!

  • Race: Terran Terran
  • League: Diamond

VOD

http://www.twitch.tv/tumescentpie

Description

Time

  • Played on: Dec. 20, 2015, 12:02 p.m.
  • Length: 6:45
Show
View Real Time Build Order
Export as new Build Order

strikerrose Protoss 

Build Orders: Oracle Opening 

Get SALT Encoding   

  12  0:09  Pylon  
  12  0:13  Probe (Chrono Boost)  
  13  0:28  Gateway  
  13  0:31  Probe (Chrono Boost)  
  14  0:38  Assimilator  
  14  0:42  Probe (Chrono Boost)  
  15  0:52  Probe (Chrono Boost), Assimilator  
  16  1:03  Probe (Chrono Boost)  
  17  1:16  Cybernetics Core  
  18  1:18  Probe (Chrono Boost)  
  18  1:21  Pylon  
  18  1:29  Probe (Chrono Boost)  
  20  1:40  Probe (Chrono Boost)  
  20  1:53  Stalker (Chrono Boost), Mothership Core (Chrono Boost)  
  24  2:00  Pylon  
  24  2:12  Probe (Chrono Boost)  
  25  2:23  Stalker (Chrono Boost)  
  25  2:24  Probe  
  25  2:26  Stargate  
  28  2:32  Warp Gate  
  28  2:48  Robotics Facility  
  28  2:57  Stalker (Chrono Boost)  
  30  3:26  Stalker (Chrono Boost)  
  30  3:32  Oracle  
  29  3:50  Observer (Chrono Boost)  
  29  3:54  Probe  
  28  3:58  Stalker  
  30  4:06  Probe  
  31  4:18  Probe  
  32  4:28  Stalker  
  32  4:30  Probe  
  35  4:42  Probe  
  36  4:54  Probe  
  37  5:20  Pylon  
  37  5:27  Stalker  
  37  5:38  Oracle (Chrono Boost)  
  40  6:16  Mothership Core  
  36  6:28  Pylon x2  
  36  6:30  Pylon  
  36  6:32  Pylon x2  
Show
View Real Time Build Order
Export as new Build Order

LilDicky Terran - Winner!

Build Orders: MMM Bio 

Get SALT Encoding   

  12  0:01  SCV  
  13  0:13  SCV  
  14  0:18  Supply Depot  
  14  0:25  SCV  
  15  0:31  Refinery  
  15  0:40  SCV  
  16  0:45  Barracks  
  16  0:52  SCV  
  18  1:04  SCV  
  18  1:16  SCV  
  19  1:31  Orbital Command  
  19  1:35  Supply Depot, Marine  
  19  1:38  Factory  
  20  1:52  Marine  
  21  2:03  Barracks  
  21  2:05  SCV  
  21  2:07  Barracks  
  22  2:10  Supply Depot  
  22  2:18  SCV  
  22  2:19  Barracks Reactor  
  23  2:32  SCV  
  23  2:35  Supply Depot  
  24  2:42  Widow Mine  
  24  2:44  SCV  
  27  2:50  Refinery  
  27  2:56  SCV  
  28  2:58  Supply Depot  
  28  2:59  Barracks Tech Lab x2  
  28  3:01  Marine x2  
  30  3:11  Widow Mine  
  32  3:19  Marine x2  
  32  3:20  Marine x2  
  33  3:32  Stimpack  
  31  3:45  Marine  
  31  3:46  Marine  
  31  3:50  Combat Shields  
  31  3:53  SCV  
  32  4:01  Marine x2  
  34  4:05  SCV  
  34  4:07  Starport  
  35  4:10  Marine x2  
  33  4:26  Marine x2  
  33  4:29  Marine x2  
  37  4:32  SCV  
  38  4:41  Widow Mine  
  38  4:43  Marine  
  38  4:44  SCV, Marine  
  42  4:46  Marine x2  
  39  5:01  Marine  
  36  5:07  Marine x3  
  36  5:08  Medivac  
  38  5:19  Marine  
  39  5:28  Marine x2  
  40  5:36  Marine  
  40  5:37  Marine  
  39  5:46  Marine x2  
  39  5:54  Marine  
  39  5:55  Marine  
  38  6:04  Marine x2  
  39  6:11  Marine  
  39  6:13  Marine  
  39  6:22  Marine  
  39  6:23  Marine  
  41  6:28  SCV  
Tags
 
Add a new tag
Caveats
  • Supply blocks, unpowered buildings, or Contaminate may cause inaccurate times.
  • Supply counts are checked every 10 seconds.